 Dungeon Crawl Stone Soup version 0.20-a0-1006-ge6c5631 (webtiles) character file.

12486 JeffiDaFish the Basher (level 11, 0/69 HPs)
             Began as a Gargoyle Fighter on Apr 14, 2017.
             Was a High Priest of Okawaru.
             Slain by a death yak (13 damage)
             ... on level 9 of the Dungeon.
             The game lasted 00:17:22 (7712 turns).

JeffiDaFish the Basher (Gargoyle Fighter)           Turns: 7712, Time: 00:17:22

Health: 0/69       AC: 23    Str: 21    XL:     11   Next: 94%
Magic:  11/11      EV: 10    Int:  8    God:    Okawaru [*****.]
Gold:   297        SH: 14    Dex: 14    Spells: 10/10 levels left

rFire    + . .     SeeInvis .   q - +5 flail (crush)
rCold    + . .     Gourm    .   c - +2 shield
rNeg     + . .     Faith    .   x - +0 chain mail
rPois    ∞         Spirit   .   n - +0 helmet
rElec    +         Reflect  .   (no cloak)
rCorr    .         Harm     .   (no gloves)
MR       .....                  a - +2 pair of boots
Stlth    ..........             (no amulet)
Regen    0.3/turn               e - ring of protection from fire
MPRegen  0.2/turn               m - ring of protection from cold

@: no status effects
A: hooves 1, agile 1, negative energy resistance 1, screaming 1, electricity
resistance, unbreathing, petrification resistance, rot immunity, AC +7
a: Heroism, Finesse, Renounce Religion


You were on level 9 of the Dungeon.
You worshipped Okawaru.
Okawaru was extremely pleased with you.
You were not hungry.

You visited 2 branches of the dungeon, and saw 10 of its levels.

You collected 499 gold pieces.
You spent 202 gold pieces at shops.

Inventory:

Hand Weapons
 q - a +5 flail of crushing (weapon)
Armour
 a - a +2 pair of boots (worn)
 c - a +2 shield (worn)
 n - a +0 helmet (worn)
 x - a +0 chain mail (worn)
Jewellery
 e - a ring of protection from fire (left hand)
 m - a ring of protection from cold (right hand)
Wands
 d - a wand of flame (38/48)
Scrolls
 h - 2 scrolls of recharging
 o - 8 scrolls of remove curse
 p - 5 scrolls of teleportation
 u - a scroll of fear
 v - 2 scrolls of identify
Potions
 i - 2 potions of cancellation
 j - 2 potions of haste
 l - a potion of agility
 r - a potion of resistance
 s - a potion of curing
 t - 3 potions of heal wounds
 w - a potion of brilliance
Comestibles
 b - 14 chunks of flesh
 f - 4 bread rations
 g - 3 royal jellies
 k - 26 fruits


   Skills:
 + Level 8.6 Fighting
 + Level 11.3 Maces & Flails
 + Level 8.6 Armour
 + Level 5.4 Dodging
 + Level 2.0 Stealth
 + Level 10.3 Shields


You had 10 spell levels left.
You didn't know any spells.

Dungeon Overview and Level Annotations

Branches:
Dungeon (9/15)             Temple (1/1) D:5            Lair (0/6) D:9
    Orc (0/2) D:9

Altars:
Ashenzari
Cheibriados
Dithmenos
Fedhas
Gozag
Makhleb
Nemelex Xobeh
Okawaru
Trog
Vehumet
Wu Jian
Xom
Yredelemnul

Shops:
D:5 *   D:6 !   D:8 *


Innate Abilities, Weirdness & Mutations

You are resistant to torment.
Your stone body is resilient. (AC +7)
You are immune to poison.
You resist negative energy. (rN+)
You are resistant to electric shocks. (rElec)
You can survive without breathing.
You are immune to petrification.
You are immune to rotting.
You have large cloven feet.
You are agile. (Dex +2)
You occasionally shout uncontrollably at your foes.


Message History

The death yak gores you!
* * * LOW HITPOINT WARNING * * *
You sock the death yak!
The death yak is almost dead.
You block the death yak's attack.
You hit the death yak.
You kill the death yak!
Okawaru accepts your kill.
You barely miss the death yak.
The death yak is lightly wounded.
The death yak gores you but does no damage.
You hit the death yak.
The death yak is lightly wounded.
You hit the death yak but do no damage.
The death yak is lightly wounded.
The death yak gores you but does no damage.
You sock the death yak!
The death yak is heavily wounded.
The death yak gores you!
You die...

...>....8........#
.........r.......#
........)#Y......#
...8.Y.y.#.......#
#...rr#####.rY...####
.......r# ###........
........# #.#######
.....r.r# #r#######..#
........#####rrY@.......
.........†....###.......
........##..............
#####'##...%............
#.##.....<...$......
#.##................
#.##................
#.##.............>..
#.##########..


You could see a death yak, 2 hell rats and a quokka.

Vanquished Creatures
  2 death yaks (D:9)
  The ghost of elmdor the Carver, a novice DrFi of Wu Jian (D:8)
  Pikel (D:4)
  Psyche (D:8)
  Grinder (D:6)
  A hornet (D:8)
  A hippogriff (D:8)
  Sigmund (D:2)
  Eustachio (D:6)
  A hungry ghost (D:7)
  3 ice beasts
  2 orc warriors (D:8)
  3 phantoms
  4 ogres
  2 sky beasts (D:8)
  A necrophage (D:7)
  3 centaurs
  A big kobold (D:8)
  A bullfrog (D:7)
  An elf skeleton (D:7)
  4 scorpions
  3 killer bees (D:9)
  A wight (D:7)
  5 crimson imps
  A bullfrog zombie (D:5)
  6 human zombies (D:7)
  A centaur zombie (D:5)
  6 orc priests
  A hound (D:7)
  4 jellies
  3 bullfrog skeletons
  A centaur skeleton (D:5)
  8 orc wizards
  A human skeleton (D:7)
  Jessica (D:3)
  Terence (D:2)
  2 iguanas
  Ijyb (D:3)
  A hell rat (D:9)
  8 worker ants
  A mummy (D:7)
  A howler monkey zombie (D:8)
  2 worker ant zombies
  3 gnolls (D:6)
  12 adders
  3 shadow imps
  5 adder skeletons
  A worm (D:7)
  5 leopard geckos
  27 orcs
  7 bats
  8 giant cockroaches
  12 goblins
  6 hobgoblins (D:2)
  3 jackals (D:8)
  7 kobolds
  2 quokkas
  A ball python (D:2)
  7 frilled lizards
  A giant cockroach zombie (D:3)
  A jackal skeleton (D:4)
  A leopard gecko skeleton (D:5)
  An orc zombie (D:7)
  A quokka zombie (D:7)
  11 rats
220 creatures vanquished.

Vanquished Creatures (others)
  A wizard (D:4)
1 creature vanquished.

Grand Total: 221 creatures vanquished

Notes
Turn   | Place    | Note
-------+----------+-------------------------------------------
     0 | D:1      | JeffiDaFish the Gargoyle Fighter began the quest for the Orb.
     0 | D:1      | Reached XP level 1. HP: 14/14 MP: 1/1
   140 | D:1      | Reached XP level 2. HP: 19/19 MP: 2/2
   463 | D:1      | Reached XP level 3. HP: 16/23 MP: 3/3
   659 | D:2      | Found a burning altar of Makhleb.
   837 | D:2      | Noticed Terence
   855 | D:2      | Killed Terence
   855 | D:2      | Reached XP level 4. HP: 23/29 MP: 4/4
   875 | D:2      | Found an iron altar of Okawaru.
   894 | D:2      | Became a worshipper of Warmaster Okawaru
   965 | D:2      | Reached skill level 1 in Dodging
  1484 | D:2      | Noticed Sigmund
  1493 | D:2      | Killed Sigmund
  1493 | D:2      | Reached skill level 3 in Maces & Flails
  1493 | D:2      | Reached XP level 5. HP: 25/33 MP: 5/5
  1493 | D:2      | Reached XP level 6. HP: 29/38 MP: 6/6
  1733 | D:3      | Noticed Jessica
  1738 | D:3      | Killed Jessica
  1758 | D:3      | Reached skill level 4 in Maces & Flails
  1823 | D:3      | Noticed Ijyb
  1827 | D:3      | Paralysed by Ijyb for 7 turns
  1845 | D:3      | Paralysed by Ijyb for 5 turns
  1853 | D:3      | Killed Ijyb
  1963 | D:3      | Found a blossoming altar of Fedhas.
  2222 | D:3      | Gained mutation: You occasionally shout uncontrollably at your foes. [potion of mutation]
  2222 | D:3      | Gained mutation: You have large cloven feet. [potion of mutation]
  2222 | D:3      | Gained mutation: You are agile. (Dex +2) [potion of mutation]
  2314 | D:3      | Found a sparkling altar of Nemelex Xobeh.
  2379 | D:3      | Found a radiant altar of Vehumet.
  2379 | D:3      | Found a shattered altar of Ashenzari.
  2401 | D:4      | Reached * piety under Okawaru
  2556 | D:4      | Reached XP level 7. HP: 39/43 MP: 7/7
  2560 | D:4      | Reached skill level 5 in Shields
  2741 | D:4      | Found a bloodstained altar of Trog.
  2757 | D:4      | Noticed a wizard
  2760 | D:4      | Killed a wizard
  2864 | D:4      | Reached skill level 5 in Maces & Flails
  3135 | D:4      | Noticed Pikel
  3154 | D:4      | Killed Pikel
  3154 | D:4      | Reached ** piety under Okawaru
  3154 | D:4      | Reached skill level 5 in Fighting
  3154 | D:4      | Reached skill level 6 in Maces & Flails
  3154 | D:4      | Reached skill level 5 in Armour
  3154 | D:4      | Reached XP level 8. HP: 15/49 MP: 8/8
  3690 | D:5      | Entered Level 5 of the Dungeon
  3743 | D:5      | Found an opulent altar of Gozag.
  3743 | D:5      | Found a staircase to the Ecumenical Temple.
  3747 | D:5      | Found Gozag's Platinum Reserve.
  3769 | D:5      | Reached skill level 1 in Stealth
  3783 | Temple   | Entered the Ecumenical Temple
  4153 | D:5      | Reached *** piety under Okawaru
  4235 | D:5      | Reached skill level 7 in Maces & Flails
  4356 | D:6      | Noticed Grinder
  4361 | D:6      | Paralysed by Grinder for 6 turns
  4363 | D:6      | Noticed Eustachio
  4547 | D:6      | Paralysed by Grinder for 3 turns
  4557 | D:6      | Killed Eustachio
  4557 | D:6      | Reached XP level 9. HP: 16/54 MP: 9/9
  4567 | D:6      | Killed Grinder
  4859 | D:6      | Found Xecoomaf's Distillery.
  5633 | D:7      | Found a snail-covered altar of Cheibriados.
  5665 | D:7      | Reached **** piety under Okawaru
  5665 | D:7      | Reached skill level 8 in Maces & Flails
  5729 | D:7      | Found a shadowy altar of Dithmenos.
  6022 | D:7      | Received a gift from Okawaru
  6596 | D:7      | Reached XP level 10. HP: 56/60 MP: 10/10
  6622 | D:7      | Reached skill level 9 in Maces & Flails
  6629 | D:7      | Found a basalt altar of Yredelemnul.
  6701 | D:8      | Noticed Psyche
  6709 | D:8      | Killed Psyche
  6718 | D:8      | Noticed elmdor's ghost (novice DrFi)
  6722 | D:8      | Reached ***** piety under Okawaru
  6734 | D:8      | Killed elmdor's ghost
  6937 | D:8      | Found Tavaxug's Assorted Antiques.
  6940 | D:8      | Bought a scroll of enchant armour for 202 gold pieces
  7010 | D:8      | Reached skill level 10 in Maces & Flails
  7062 | D:8      | Reached skill level 5 in Dodging
  7062 | D:8      | Reached XP level 11. HP: 69/69 MP: 11/11
  7366 | D:8      | Reached skill level 10 in Shields
  7516 | D:9      | Reached skill level 11 in Maces & Flails
  7559 | D:9      | Found a staircase to the Orcish Mines.
  7640 | D:9      | Noticed a death yak
  7644 | D:9      | Noticed a death yak
  7645 | D:9      | Noticed a death yak
  7664 | D:9      | Killed a death yak
  7691 | D:9      | Found a staircase to the Lair.
  7708 | D:9      | Killed a death yak
  7712 | D:9      | Slain by a death yak

Vault maps used:
D:1:      onia_arrival_pyramid, minmay_octomino_e4
D:2:      nicolae_overflow_crystal_walls, first_bread,
          okawaru_ov_weapons_minmay, uniq_terence, uniq_sigmund
D:3:      fedhas_altar_2, gammafunk_temple_overflow_elements,
          nemelex_xobeh_ov_fountains_minmay, uniq_jessica, uniq_iyjb
D:4:      trog_wizard, uniq_pikel
D:5:      nicolae_gozag_zags_fifth_avenue, minmay_temple_entry_butterflies
D:6:      serial_shops, shop, uniq_eustachio, uniq_grinder
D:7:      lemuel_mausoleum_altar_yredelemnul, nicolae_dithmenos_shadow_blocks,
          slow_altar_1, minivault_5
D:8:      serial_shops, shop, blue_anna_alchemist, minmay_bent, uniq_psyche
D:9:      zin_academy, kennysheep_mini, dpeg_lair_monsters, david_orc_2
Temple:   nicolae_temple_hex_pool

Skill      XL: |  1  2  3  4  5  6  7  8  9 10 11 |
---------------+----------------------------------+-----
Shields        | 4 5 6 8 9 10 | 10.3
Dodging        | 1 2 3 5 |  5.4
Fighting       | 4 5 6 8 |  8.6
Maces & Flails | 3 4 6 7 8 10 11 | 11.3
Armour         | 4 5 6 8 |  8.6
Stealth        | 1 2 |  2.0

Action                   |  1- 3 |  4- 6 |  7- 9 | 10-12 || total
-------------------------+-------+-------+-------+-------++-------
Melee: Flail             |   187 |   189 |   335 |   270 ||   981
       Kick              |       |     4 |    16 |       ||    20
  Use: Potion            |     7 |     4 |     2 |     3 ||    16
       Scroll            |     3 |     7 |     6 |     2 ||    18
  Eat: Chunk             |       |     6 |    14 |     4 ||    24
Armor: Scale mail        |   137 |   105 |   151 |    31 ||   424
       Chain mail        |       |       |       |    61 ||    61
Dodge: Dodged            |    94 |    46 |   151 |    87 ||   378
Block: Shield            |   144 |   117 |   245 |   183 ||   689
